 Dungeon Crawl Stone Soup version 0.17-a0-1460-g8163d8a (webtiles) character file.

89 Vlagh the Conjurer (level 4, -2/26 HPs)
             Began as a Deep Elf Conjurer on July 1, 2015.
             Was an Initiate of Sif Muna.
             Slain by Terence
             ... wielding a +0 flail
              (5 damage)
             ... on level 2 of the Dungeon.
             The game lasted 00:18:07 (2973 turns).

Vlagh the Conjurer (Deep Elf Conjurer)              Turns: 2973, Time: 00:18:07

Health: -2/26      AC:  2    Str:  5    XL:     4   Next: 31%
Magic:  1/11       EV: 14    Int: 21    God:    Sif Muna [......]
Gold:   98         SH:  0    Dex: 15    Spells: 3 memorised, 3 levels left

rFire  . . .     SeeInvis .     e - +0 dagger
rCold  . . .     Clarity  .     a - +0 robe
rNeg   . . .     SustAt   .     (no shield)
rPois  .         Gourm    .     (no helmet)
rElec  .         Spirit   .     (no cloak)
rCorr  .         Warding  .     (no gloves)
rMut   .         Stasis   .     (no boots)
MR     .....                    (no amulet)
Stlth  ++........               (no ring)
                                (no ring)

@: very slightly contaminated, not resistant to hostile enchantments, unstealthy
A: no striking features
a: Renounce Religion


You were on level 2 of the Dungeon.
You worshipped Sif Muna.
Sif Muna was noncommittal.
You were hungry.

You visited 1 branch of the dungeon, and saw 3 of its levels.

You collected 98 gold pieces.

Inventory:

Hand weapons
 e - a +0 dagger (weapon)
 i - a +0 short sword
Armour
 a - a +0 robe (worn)
 h - a +0 shield
Jewellery
 m - a +4 ring of evasion {unknown}
Scrolls
 g - a scroll of identify {unknown}
 j - a scroll of remove curse
 k - a scroll of amnesia {unknown}
Books
 b - a book of Conjurations

   Spells                             Type                      Level
   a - Magic Dart                     Conjuration                  1
   b - Searing Ray                    Conjuration                  2
   c - Dazzling Spray                 Conjuration/Hexes            3
   d - Fulminant Prism                Conjuration/Hexes            4
   e - Iskenderun's Mystic Blast      Conjuration                  4
   f - Iskenderun's Battlesphere      Conjuration/Charms           5
Comestibles
 c - 2 bread rations
 d - 2 meat rations
 n - a beef jerky


   Skills:
 - Level 1.7 Fighting
 - Level 3.7 Dodging
 - Level 2.4 Stealth
 + Level 3.3 Spellcasting
 + Level 5.0 Conjurations
 * Level 0.3 Hexes


You had 3 spell levels left.
You knew the following spells:

 Your Spells              Type           Power        Failure   Level  Hunger
a - Magic Dart            Conj           ###.         1%          1    None
b - Searing Ray           Conj           ###...       2%          2    ##.....
c - Dazzling Spray        Conj/Hex       ##......     14%         3    ###....


Dungeon Overview and Level Annotations

Branches:
Dungeon (3/15)

Altars:
Sif Muna

Annotations:
D:2 Terence


Message History

Aim: Terence, wielding a flail, wearing a ring mail and carrying a wand of polymorph {empty} (heavily wounded)
The searing ray hits Terence.
Terence is heavily wounded.
Terence hits you with a flail!
Casting: Searing Ray
Confirm with . or Enter, or press ? or * to list all spells.
Aiming: Searing Ray
Press: ? - help, Shift-Dir - straight line, f/p - Terence
Aim: Terence, wielding a flail, wearing a ring mail and carrying a wand of polymorph {empty} (heavily wounded)
The searing ray hits Terence.
Terence is severely wounded.
You hit Terence but do no damage.
Terence is severely wounded.
Terence barely misses you.
You hit Terence but do no damage.
Terence is severely wounded.
Terence hits you with a flail!
* * * LOW HITPOINT WARNING * * *
Terence hits you with a flail.
You die...

#..# #.#.# #.# #..
#..########.#.## #.# #..
#..............# #.# #..
#)#########.##.#####.#
#.. #.# #.##.......# #..
#.# #.........## #..
#.#########.#######.# #..
#........##.### #.# ##..
#####......@..# #.# #...
#......@##.#####.# #..#
#.......##.....#(#####...
#.......##.###...).(.(...
##.........# #.#.........
#.........###<#######.##
#.#...........# #.#
######.###.....###.# #.#
#.......##.....# #.# #.#


You could see Terence.

Vanquished Creatures
  Robin (D:2)
  An adder (D:2)
  A worm (D:2)
  2 giant geckos
  2 giant cockroaches (D:2)
  15 goblins
  7 hobgoblins
  9 jackals
  5 kobolds
  2 quokkas (D:3)
  6 bats
  A giant newt (D:1)
  3 rats
55 creatures vanquished.

Notes
Turn   | Place    | Note
--------------------------------------------------------------
     0 | D:1      | Vlagh the Deep Elf Conjurer began the quest for the Orb.
     0 | D:1      | Reached XP level 1. HP: 10/10 MP: 6/6
     3 | D:1      | Noticed an electric eel
     3 | D:1      | Noticed an electric eel
   478 | D:1      | Reached XP level 2. HP: 15/15 MP: 6/8
   482 | D:1      | Learned a level 2 spell: Searing Ray
   567 | D:1      | Reached skill level 5 in Conjurations
  1258 | D:2      | Reached skill level 1 in Fighting
  1258 | D:2      | Reached XP level 3. HP: 16/20 MP: 4/9
  1297 | D:2      | Learned a level 3 spell: Dazzling Spray
  1391 | D:2      | Noticed Robin
  1433 | D:2      | Killed Robin
  1810 | D:2      | Reached XP level 4. HP: 25/25 MP: 4/11
  1899 | D:2      | Found a deep blue altar of Sif Muna.
  2157 | D:2      | Noticed Terence
  2436 | D:2      | Became a worshipper of Sif Muna the Loreminder
  2973 | D:2      | Slain by Terence

Vault maps used:
D:1:      arrival_aquarium_b, solitary_fountain
D:2:      nicolae_overflow_hidden_temple, uniq_terence, uniq_robin
D:3:      gammafunk_temple_overflow_elements, first_bread

Action                   |  1- 3 |  4- 6 || total
-------------------------+-------+-------++-------
Melee: Dagger            |    14 |    13 ||    27
 Cast: Magic Dart        |    62 |    26 ||    88
       Searing Ray       |    15 |     9 ||    24
  Use: Potion            |     4 |       ||     4
       Scroll            |     1 |       ||     1
  Eat: Chunk             |     3 |     3 ||     6
